 Dungeon Crawl Stone Soup version 0.27.1-34-g3ba077fa99 (webtiles) character file.

Game seed: 7204938008385116917

729 raph the Digger (level 7, -3/36 HPs)
             Began as a Deep Elf Earth Elementalist on Jan 3, 2022.
             Was an Initiate of Hepliaklqana.
             Slain by a vampire (11 damage)
             ... on level 5 of the Dungeon.
             The game lasted 00:09:53 (5473 turns).

raph the Digger (Deep Elf Earth Elementalist)       Turns: 5473, Time: 00:09:53

Health: -3/36      AC:  2    Str:  5    XL:     7   Next: 44%
Magic:  9/13       EV: 12    Int: 22    God:    Hepliaklqana [......]
Gold:   195        SH:  0    Dex: 15    Spells: 2/12 levels left

rFire    . . .     SeeInvis .   r - +3 falchion (vorpal)
rCold    . . .     Faith    .   (no shield)
rNeg     + . .     Spirit   .   b - +0 robe
rPois    .         Reflect  .   (no helmet)
rElec    .         Harm     .   (no cloak)
rCorr    .         Rampage  .   (no gloves)
Will     .....                  (no boots)
Stlth    +.........             (no amulet)
HPRegen  0.12/turn              g - ring of positive energy
MPRegen  0.13/turn              (no ring)

@: confused, ambrosia-drunk
A: no striking features
a: Renounce Religion


You were on level 5 of the Dungeon.
You worshipped Hepliaklqana.
Hepliaklqana was noncommittal.
You visited 1 branch of the dungeon, and saw 5 of its levels.

You collected 195 gold pieces.

Inventory:

Hand Weapons
 d - a +0 short sword of flaming
 r - a +3 vorpal falchion (weapon)
Missiles
 c - 19 poisoned darts
 k - a throwing net
 m - 38 stones
Armour
 a - a +0 buckler
 b - a +0 robe (worn)
Jewellery
 g - a ring of positive energy (left hand)
Potions
 e - a potion of ambrosia
 j - a potion of curing
 l - 2 potions of lignification
 n - a potion of flight
 o - 2 potions of berserk rage {unknown}


   Skills:
 - Level 2.4 Dodging
 - Level 2.4 Stealth
 - Level 3.0 Spellcasting
 + Level 5.3 Conjurations
 - Level 1.1 Transmutations
 + Level 7.9 Earth Magic


You had 2 spell levels left.
You knew the following spells:

 Your Spells              Type           Power      Damage    Failure   Level
a - Sandblast             Erth           76%        2d16      1%          1
b - Passwall              Tmut/Erth      19%        N/A       3%          2
c - Stone Arrow           Conj/Erth      64%        3d11      2%          3
d - Petrify               Tmut/Erth      23%        N/A       19%         4

Your spell library contained the following spells:

 Spells                   Type           Power      Damage    Failure   Level
 Corpse Rot               Necr/Air       N/A        N/A       19%         2
 Ozocubu's Armour         Ice            3%         N/A       36%         3
 Dispel Undead            Necr           3%         3d7       77%         4
 Metabolic Englaciation   Hex/Ice        1%         N/A       98%         5
 Death Channel            Necr           1%         N/A       100%        6
 Simulacrum               Ice/Necr       1%         N/A       100%        6


Dungeon Overview and Level Annotations

Branches:
Dungeon (5/15)
 Temple: D:4-7

Altars:
Ashenzari
Gozag
Hepliaklqana
Makhleb
Okawaru
The Shining One


Message History

Press: ? - help, Q - select action, (/) - cycle Shift-Dir - straight line, f - you That would be overly suicidal.
Okay, then.
Unknown command.
Casting: Sandblast (safe; 1% risk of failure)
Confirm with . or Enter, or press ? or * to list all spells.
Aiming: Sandblast (safe; 1% risk of failure)
Press: ? - help, Shift-Dir - straight line The blast of sand hits something but does no damage.
Something barely misses you. Something bites you but does no damage.
Casting: Sandblast (safe; 1% risk of failure)
Confirm with . or Enter, or press ? or * to list all spells.
Aiming: Sandblast (safe; 1% risk of failure)
Press: ? - help, Shift-Dir - straight line The blast of sand hits something!
Something hits you. Something bites you.
Casting: Sandblast (safe; 1% risk of failure)
Confirm with . or Enter, or press ? or * to list all spells.
Aiming: Sandblast (safe; 1% risk of failure)
Press: ? - help, Shift-Dir - straight line The blast of sand hits something.
Something hits you but does no damage. Something bites you but does no damage.
Casting: Sandblast (safe; 1% risk of failure)
Confirm with . or Enter, or press ? or * to list all spells.
Aiming: Sandblast (safe; 1% risk of failure)
Press: ? - help, Shift-Dir - straight line The blast of sand hits something!
Something draws life force from you!
Casting: Sandblast (safe; 1% risk of failure)
Confirm with . or Enter, or press ? or * to list all spells.
Aiming: Sandblast (safe; 1% risk of failure)
Press: ? - help, Shift-Dir - straight line The blast of sand hits something but does no damage.
Something hits you! Something bites you!
* * * LOW HITPOINT WARNING * * *
Something draws strength from your injuries!
Okay, then.
You aren't carrying any scrolls.
It was a potion of ambrosia.
You are confused.
You feel invigorated. Something hits you!
You die...

.........#
.........###.##
.........+ .....
.........###.#.#
##...........>.#
####.#######...# .....#
#...#
.###.#######...######..#
.+..............@{.....#
.###....######.#######.#
. #...........# .
#................. .
#...............##
#.............###
#.....#######.# #.....#
.# .......# ..


There were no monsters in sight!

Vanquished Creatures
  A black bear (D:5)
  A necrophage (D:4)
  An ogre (D:5)
  A phantom (D:5)
  2 bullfrog zombies (D:5)
  A centaur zombie (D:5)
  2 orc priests (D:3)
  An iguana (D:4)
  An orc wizard (D:4)
  A scorpion zombie (D:5)
  A hound skeleton (D:5)
  An adder (D:3)
  4 gnolls (D:2)
  A shadow imp (D:5)
  A dart slug (D:2)
  14 orcs
  7 ball pythons
  9 endoplasms
  4 goblins
  8 hobgoblins
  5 kobolds
  4 quokkas
  6 bats
  4 frilled lizards
  5 rats
86 creatures vanquished.

Notes
Turn   | Place    | Note
-------+----------+-------------------------------------------
     0 | D:1      | raph the Deep Elf Earth Elementalist began the quest for
                  | the Orb.
     0 | D:1      | Reached XP level 1. HP: 10/10 MP: 6/6
    44 | D:1      | You fall into a shaft and drop 1 floor!
   170 | D:2      | Found a faded altar of an unknown god.
   313 | D:2      | Reached skill level 4 in Earth Magic
   313 | D:2      | Reached XP level 2. HP: 15/15 MP: 6/8
   638 | D:1      | Learned a level 2 spell: Passwall
  1021 | D:1      | Reached XP level 3. HP: 19/19 MP: 7/9
  1426 | D:2      | Reached skill level 5 in Earth Magic
  1436 | D:2      | Reached XP level 4. HP: 24/24 MP: 5/10
  1495 | D:2      | Found a glowing golden altar of the Shining One.
  1613 | D:2      | Learned a level 3 spell: Stone Arrow
  2796 | D:3      | Reached skill level 1 in Conjurations
  2809 | D:3      | Reached skill level 6 in Earth Magic
  2809 | D:3      | Reached XP level 5. HP: 28/28 MP: 4/11
  3206 | D:3      | Found an iron altar of Okawaru.
  3830 | D:4      | Noticed a necrophage
  3877 | D:4      | Killed a necrophage
  3878 | D:4      | Reached XP level 6. HP: 32/32 MP: 1/12
  3883 | D:4      | Learned a level 4 spell: Petrify
  4158 | D:4      | Found a burning altar of Makhleb.
  4158 | D:4      | Found an opulent altar of Gozag.
  4161 | D:4      | Found a broken altar of Ashenzari.
  4161 | D:4      | Found a hazy altar of Hepliaklqana.
  4607 | D:4      | Became a worshipper of Hepliaklqana the Forgotten
  4637 | D:5      | Entered Level 5 of the Dungeon
  4755 | D:5      | Reached skill level 7 in Earth Magic
  4857 | D:5      | Reached XP level 7. HP: 36/36 MP: 7/13
  4943 | D:5      | Reached skill level 5 in Conjurations
  5119 | D:5      | Noticed a shadow
  5462 | D:5      | Noticed a vampire
  5473 | D:5      | Slain by a vampire

Illustrated notes

Levels and vault maps discovered:
D:1:      roderic_crossed_star, layout_basic
D:2:      layout_loops_ring, basic_altar, shapermc_ecumenical_altar_totnotflames
D:3:      cheibrodos_pilgrimage, layout_basic, mainiacjoe_overflow_tiny_flanked
D:4:      layout_basic, mainiacjoe_overflow_alcove_3
D:5:      layout_basic, portal_sewer_entry_e

Skill      XL: |  1  2  3  4  5  6  7 |
---------------+----------------------+-----
Earth Magic    | 4 5 6 7 |  7.9
Conjurations   | 1 3 4 5 |  5.3
Dodging        | |  2.4
Stealth        | |  2.4
Spellcasting   | |  3.0
Transmutations | |  1.1

Action                   |  1- 3 |  4- 6 |  7- 9 || total
-------------------------+-------+-------+-------++-------
Melee: Short sword       |     1 |     6 |       ||     7
       Falchion          |       |       |     1 ||     1
 Cast: Sandblast         |    40 |    33 |    16 ||    89
       Stone Arrow       |       |    31 |     9 ||    40
       Passwall          |       |     1 |       ||     1
  Use: Scroll            |       |    10 |     1 ||    11
       Potion            |       |       |     1 ||     1
 Stab: Sleeping          |       |     1 |       ||     1
Armor: Robe              |       |     3 |     4 ||     7
Dodge: Dodged            |     8 |    17 |     6 ||    31
       Rpst.: Falchion   |       |     1 |     1 ||     2
